 Dungeon Crawl Stone Soup version 0.30-a0-329-g85436e0a43 (webtiles) character file.

Game seed: 16003784652830317247

165 valliere the Ruffian (level 5, -9/41 HPs)
             Began as a Demigod Transmuter on Oct 28, 2022.
             Killed from afar by Ijyb (15 damage)
             ... with a puff of flame
             ... on level 3 of the Dungeon.
             The game lasted 00:09:08 (2142 turns).

valliere the Ruffian (Demigod Transmuter)           Turns: 2142, Time: 00:09:09

Health: -9/41      AC: 11    Str: 15    XL:     5   Next: 1%
Magic:  10/11      EV: 11    Int: 15    God:
Gold:   133        SH:  5    Dex: 14    Spells: 7/8 levels left

rFire   . . .      SeeInvis .      - Unarmed
rCold   . . .      Faith    .    (no shield)
rNeg    . . .      Spirit   .    q - +6 ring mail of Integrity {Harm rElec Stlth+}
rPois   .          Reflect  +    (helmet currently unavailable)
rElec   +          Harm     +    (no cloak)
rCorr   .          Rampage  .    (no gloves)
Will    .....                    (boots currently unavailable)
Stlth   ++........               l - amulet of reflection
HPRegen 0.26/turn                (no ring)
MPRegen 0.12/turn                (no ring)

@: appendages (expiring)
A: horns 2, talons 2, high MP 1, forlorn, divine attributes
a: End Transformation


You were on level 3 of the Dungeon.
You had temporarily grown beastly horns and talons.
You visited 1 branch of the dungeon, and saw 3 of its levels.

You collected 133 gold pieces.

Inventory:

Armour
 q - the +6 ring mail of Integrity (worn) {Harm rElec Stlth+}
   (You found it on level 3 of the Dungeon)

   rElec:     It insulates you from electricity.
   Harm:      It increases damage dealt and taken.
   Stlth:     It makes you more stealthy.
 s - a +0 helmet (melded)
Jewellery
 l - an amulet of reflection (around neck)
Wands
 a - a wand of roots (9)
 p - a wand of digging (7)
 r - a wand of polymorph (3)
Scrolls
 c - 4 scrolls of identify
 d - a scroll of summoning {unknown}
 e - 4 scrolls of teleportation
 f - a scroll of amnesia {unknown}
 g - a scroll of fear {unknown}
 i - a scroll of butterflies {unknown}
 j - a scroll of magic mapping {unknown}
 k - a scroll of noise {unknown}
 m - a scroll of silence {unknown}
Potions
 b - a potion of lignification
 h - a potion of mutation {unknown}
 n - a potion of attraction
 o - a potion of curing
 t - a potion of might {unknown}


   Skills:
 + Level 1.8 Fighting
 + Level 1.3 Armour
 - Level 1.7 Dodging
 + Level 0.9 Stealth
 * Level 3.8 Unarmed Combat
 + Level 2.4 Spellcasting
 + Level 2.5 Transmutations


You had 7 spell levels left.
You knew the following spells:

 Your Spells              Type           Power      Damage    Failure   Level
a - Beastly Appendage     Tmut           18%        N/A       14%         1

Your spell library contained the following spells:

 Spells                   Type           Power      Damage    Failure   Level
 Wereblood                Tmut           9%         N/A       22%         2
 Spider Form              Tmut/Pois      5%         N/A       58%         3
 Ice Form                 Ice/Tmut       5%         N/A       94%         4


Dungeon Overview and Level Annotations

Branches:
Dungeon (3/15)

Shops:
D:1 :

Annotations:
D:3 Ijyb


Innate Abilities, Weirdness & Mutations

You have temporarily grown beastly horns and talons.
You have an increased reservoir of magic. (+10% MP)
You shall have no god before yourself.
Your divine heritage dramatically boosts your attributes as you level up.


Message History

You hit Ijyb but do no damage. Ijyb hits you with a +6 club.
You closely miss Ijyb. You claw Ijyb.
Ijyb is lightly wounded.
Ijyb zaps a wand.
The puff of flame hits you!
You hit Ijyb. You claw Ijyb. Your headbutt misses Ijyb.
Ijyb is heavily wounded.
Ijyb hits you but does no damage.
You hit Ijyb.
Ijyb is severely wounded.
Ijyb hits you but does no damage.
You hit Ijyb but do no damage. Your kick misses Ijyb. You headbutt Ijyb.
Ijyb is almost dead.
Ijyb barely misses you.
You hit Ijyb but do no damage. Your kick misses Ijyb.
Ijyb is almost dead.
You hit Ijyb but do no damage. Your kick misses Ijyb.
Ijyb is almost dead.
Your transformation is almost over.
You block Ijyb's attack.
You barely miss Ijyb. You claw Ijyb, but do no damage.
Ijyb is almost dead.
Ijyb zaps a wand.
The puff of flame hits you.
You closely miss Ijyb. You claw Ijyb, but do no damage.
Ijyb is almost dead.
Ijyb zaps a wand.
The puff of flame hits you.
You hit Ijyb but do no damage. Your kick misses Ijyb.
Ijyb is almost dead.
Ijyb hits you with a +6 club!
You hit Ijyb but do no damage. Your kick misses Ijyb.
You headbutt Ijyb, but do no damage.
Ijyb is almost dead.
Ijyb zaps a wand.
The puff of flame hits you!
* * * LOW HITPOINT WARNING * * *
You hit Ijyb but do no damage.
Ijyb is almost dead.
Ijyb hits you but does no damage.
You barely miss Ijyb. Your headbutt misses Ijyb.
Ijyb is almost dead.
Ijyb zaps a wand.
The puff of flame hits you!
You die...

...# #...# ...#
#.#.# ...#
#.#.######## ..(#
#.#.##.....#
.>.####.#.##.###.#
.....##.#.##....(#
..[..##.#.##.#####
#'#..##.#.##.....#
#.#...#.#.##.###@#
#.##.<..#....# #g#
#.############ #g#
#......... ..#
#.######## ### #.#
#.# #.# #.#######


You could see Ijyb and a goblin.

Vanquished Creatures
  Natasha (thrice) (D:3)
  Robin (D:2)
  3 adders
  2 worms (D:2)
  A dart slug (D:3)
  A ball python (D:3)
  An endoplasm (D:2)
  3 giant cockroaches
  13 goblins
  3 hobgoblins
  2 jackals (D:2)
  3 quokkas
  4 bats
  2 frilled lizards (D:2)
  2 kobolds
  6 rats
50 creatures vanquished.

Vanquished Creatures (others)
  5 plants (D:2)
5 creatures vanquished.

Grand Total: 55 creatures vanquished

Notes
Turn   | Place    | Note
-------+----------+-------------------------------------------
     0 | D:1      | valliere the Demigod Transmuter began the quest for the
                  | Orb.
     0 | D:1      | Reached XP level 1. HP: 15/15 MP: 5/5
    33 | D:1      | Found Qijice's Book Boutique.
   126 | D:1      | Reached skill level 1 in Fighting
   308 | D:1      | Reached XP level 2. HP: 23/23 MP: 7/7
   318 | D:1      | Reached skill level 3 in Unarmed Combat
  1110 | D:2      | Reached XP level 3. HP: 22/28 MP: 5/8
  1116 | D:2      | Noticed Robin
  1192 | D:2      | Killed Robin
  1444 | D:3      | Reached skill level 1 in Armour
  1474 | D:3      | Identified the +6 ring mail of Integrity {Harm rElec
                  | Stlth+}
  1526 | D:3      | Noticed Natasha
  1543 | D:3      | Killed Natasha
  1544 | D:3      | Reached XP level 4. HP: 9/36 MP: 8/10
  1648 | D:3      | Noticed Natasha
  1658 | D:3      | Killed Natasha
  1726 | D:3      | Noticed Natasha
  1736 | D:3      | Killed Natasha
  1822 | D:3      | Reached XP level 5. HP: 41/41 MP: 9/11
  2121 | D:3      | Noticed Ijyb
  2142 | D:3      | Killed from afar by Ijyb

Illustrated notes

Levels and vault maps discovered:
D:1:      minmay_arrival_radiant_lines, layout_basic, serial_shops,
          nicolae_diamond_shop, minmay_misc_feat_more_columns
D:2:      layout_rooms, kennysheep_decorative_pillar, st_stairs_2,
          serial_bayou_lagoon_a, uniq_robin
D:3:      layout_basic, st_stairs_12, hangedman_decor_growths, uniq_ijyb,
          uniq_natasha

Skill      XL: |  1  2  3 |
---------------+----------+-----
Fighting       | 1 |  1.8
Transmutations | 2 |  2.5
Unarmed Combat | 3 |  3.8
Spellcasting   | 2 |  2.4
Armour         | 1 |  1.3
Dodging        | |  1.7
Stealth        | |  0.9

Action                   |  1- 3 |  4- 6 || total
-------------------------+-------+-------++-------
Melee: Unarmed           |   128 |    36 ||   164
       Kick              |    26 |     8 ||    34
       Headbutt          |    16 |     2 ||    18
 Cast: Beastly Appendage |    28 |    11 ||    39
  Use: Scroll            |     2 |       ||     2
 Stab: Sleeping          |     1 |     2 ||     3
Armor: Robe              |    10 |       ||    10
       Leather armour    |     5 |       ||     5
       Ring mail         |    30 |     8 ||    38
Dodge: Dodged            |    73 |     4 ||    77
Block: Other             |    16 |     5 ||    21

Table legend: (Time is in decaauts)
 A = Elapsed time spent in this place.
 B = Non-inter-level travel time spent in this place.
 C = Inter-level travel time spent in this place.
 D = Time resting spent in this place.
 E = Time spent auto-exploring this place.
 F = Levels seen in this place.
 G = Mean time per level.
                   A        B        C        D        E       F      G
               +--------+--------+--------+--------+--------+-----+--------+
         Total |   2156 |   2123 |     33 |     83 |   1494 |   3 |  718.7 |
       Dungeon |   2156 |   2123 |     33 |     83 |   1494 |   3 |  718.7 |
               +--------+--------+--------+--------+--------+-----+--------+

Top non-repeatable levels by time:
     D:3: 762 daAuts
     D:1: 699 daAuts
     D:2: 695 daAuts
